 Dungeon Crawl Stone Soup version 0.17-a0-2055-gb4e23be (webtiles) character file.

9401 kosy22 the Cleaver (level 11, -6/97 HPs)
             Began as a Hill Orc Fighter on Oct 11, 2015.
             Was a High Priest of Beogh.
             Mangled by an orc warrior
             ... wielding a +2 war axe of flaming
              (21 damage)
             ... on level 4 of the Orcish Mines.
             The game lasted 00:44:33 (11996 turns).

kosy22 the Cleaver (Hill Orc Fighter)              Turns: 11996, Time: 00:44:34

Health: -6/97      AC: 16    Str: 26    XL:     11   Next: 45%
Magic:  11/11      EV: 15    Int:  8    God:    Beogh [*****.]
Gold:   1363       SH: 15    Dex: 18    Spells: 0 memorised, 10 levels left

rFire  . . .     SeeInvis .     a - +1 war axe
rCold  . . .     Clarity  .     F - +3 ring mail "Pokuut" {Dex+5}
rNeg   + . .     SustAt   .     c - +1 shield
rPois  .         Gourm    .     H - +0 helmet
rElec  .         Spirit   .     r - +0 cloak
rCorr  .         Warding  .     n - +2 pair of gloves {Dex+3}
rMut   .         Stasis   .     (no boots)
MR     .....                    B - amulet of faith
Stlth  ++........               L - ring of positive energy
                                j - +3 ring of strength

@: not resistant to hostile enchantments, unstealthy
A: walk on water
a: Smiting, Recall Orcish Followers, Give Item to Named Follower, Renounce
Religion


You were on level 4 of the Orcish Mines.
You worshipped Beogh.
Beogh was extremely pleased with you.
You were not hungry.

You visited 2 branches of the dungeon, and saw 13 of its levels.
You also visited: Sewer.

You collected 1363 gold pieces.

Inventory:

Hand Weapons
 a - a +1 war axe (weapon)
Missiles
 f - 27 tomahawks (quivered)
 y - 3 steel tomahawks
Armour
 b - a +0 scale mail
 c - a +1 shield (worn)
 l - a +0 plate armour
 n - a +2 pair of gloves of dexterity (worn)
 r - a +0 cloak (worn)
 F - the +3 ring mail "Pokuut" (worn) {Dex+5}
   (You found it on level 4 of the Dungeon)

   It affects your dexterity (+5).
 H - a +0 helmet (worn)
Jewellery
 j - a +3 ring of strength (left hand)
 B - an amulet of faith (around neck)
 K - an uncursed ring of fire
 L - a ring of positive energy (right hand)
 S - an uncursed ring of flight
Wands
 w - a wand of disintegration (7)
 G - a wand of slowing (22)
 M - a wand of frost (38)
 R - a wand of frost (21)
Scrolls
 g - 6 scrolls of recharging
 p - a scroll of noise {unknown}
 u - 2 scrolls of remove curse
 x - 2 scrolls of fear
 E - 3 scrolls of identify
Potions
 d - 2 potions of might
 h - a potion of ambrosia {unknown}
 i - 2 potions of invisibility
 m - 2 potions of brilliance
 o - a potion of cancellation {unknown}
 z - 2 potions of flight
 A - a potion of agility
 J - a potion of haste
 O - 2 potions of resistance
Books
 C - a book of Unlife

   Spells                             Type                      Level
   a - Recall                         Summoning/Translocation      3
   b - Animate Dead                   Necromancy                   4
   c - Control Undead                 Necromancy                   4
   d - Cigotuvi's Embrace             Necromancy                   5
   e - Death Channel                  Necromancy                   6
   f - Simulacrum                     Ice/Necromancy               6
Comestibles
 e - 3 bread rations
 k - 3 meat rations
 t - 5 beef jerkies
 N - 4 slices of pizza


   Skills:
 + Level 9.0 Fighting
 + Level 11.5 Axes
 + Level 6.9 Armour
 + Level 7.3 Dodging
 + Level 2.0 Stealth
 + Level 10.0 Shields
 + Level 1.0 Invocations


You had 10 spell levels left.
You didn't know any spells.

Dungeon Overview and Level Annotations

Branches:
Dungeon (9/15)             Temple (0/1) D:7             Orc (4/4) D:9
   Lair: D:8-11         Elf: Orc:3-4

Altars:
Gozag
Sif Muna

Shops:
D:4 (   D:8 *(:(   D:9 ?   Orc:4 [}

Portals:
Ice
Cave: Orc:4

Annotations:
Orc:2 Nergalle, Urug


Message History

You block the orc warrior's attack.
The orc warrior hits your orc with a war axe of flaming!
The orc warrior burns your orc.
Your orc dies!
You slice the orc warrior!!
The orc warrior is almost dead.
You hit the orc warrior but do no damage.
The orc warrior is almost dead.
The orc warrior closely misses you.
You hit the orc warrior but do no damage.
The orc warrior is almost dead.
The orc warrior hits you with a war axe of flaming!
The orc warrior burns you.
You closely miss the orc warrior.
The orc warrior is almost dead.
The orc knight hits you from afar with a bardiche!
* * * LOW HITPOINT WARNING * * *
The orc warrior hits you with a war axe of flaming!!
You die...
Beogh appreciates the orc warrior's killing of a heretic priest.

#..................#
........)......#...#####
...##....#......#..#.#.##
..#.#..........#....$...#
.......)...............##
................).....##
..............#......##
................)...##
...............o@#.##
...............$....#
...........O.(o......#
....................##
.$..........o....$..#
...........#.........
.............#..##....
#............... ......
.....o.......... ....


You could see an orc knight, 2 orc warriors and an ogre.

Vanquished Creatures
  The ghost of tp1 the Infuser, a novice DECj of Vehumet (D:8)
  3 orc knights
  A troll (Orc:2)
  A hippogriff (D:8)
  A wolf (Orc:1)
  5 wargs
  Menkaure (D:6)
  An ice beast (D:8)
  2 sky beasts (D:5)
  5 orc warriors
  2 ogres
  2 big kobolds
  A gnoll sergeant (D:8)
  7 centaurs
  The ghost of cireshan the Conjurer, an amateur DECj (D:3)
  A wyvern zombie (D:9)
  2 water moccasin zombies (D:5)
  7 giant frogs
  2 scorpions
  7 killer bees
  A centaur zombie (D:7)
  2 crimson imps
  2 centaur skeletons
  3 jellies
  2 hounds
  3 giant frog skeletons
  8 orc priests
  15 orc wizards
  8 worker ants
  6 iguanas
  2 sheep (D:9)
  11 gnolls
  8 adders
  2 river rats (D:3)
  A shadow imp (D:9)
  3 oozes
  2 adder skeletons
  5 worms
  3 giant geckos
  47 orcs
  7 ball pythons
  14 bats
  8 giant cockroaches
  21 goblins
  19 hobgoblins
  6 giant newts
  16 jackals
  20 kobolds
  4 quokkas
  11 rats
313 creatures vanquished.

Vanquished Creatures (collateral kills)
  Nessos (Orc:3)
  An orc knight (Orc:4)
  An orc sorcerer (Orc:4)
  A human (D:9)
  2 wolves (Orc:1)
  5 wargs
  3 orc warriors (Orc:4)
  An ogre (Orc:1)
  2 killer bees (D:9)
  2 hounds (D:8)
  2 orc priests (Orc:3)
  2 iguanas
  An orc wizard (Orc:3)
  2 sheep (D:9)
  A giant gecko (D:9)
  21 orcs
  6 hobgoblins
  A kobold (D:9)
55 creatures vanquished.

Vanquished Creatures (others)
  12 orc warriors
  7 orc priests
  6 orc wizards
  77 orcs
102 creatures vanquished.

Grand Total: 470 creatures vanquished

Notes
Turn   | Place    | Note
--------------------------------------------------------------
     0 | D:1      | kosy22 the Hill Orc Fighter began the quest for the Orb.
     0 | D:1      | Reached XP level 1. HP: 19/19 MP: 1/1
   528 | D:1      | Reached XP level 2. HP: 27/27 MP: 2/2
   791 | D:2      | Reached XP level 3. HP: 31/33 MP: 3/3
   835 | D:2      | Reached skill level 4 in Fighting
   868 | D:2      | Reached skill level 1 in Dodging
   869 | D:2      | Reached XP level 4. HP: 25/40 MP: 4/4
  1377 | D:2      | Found a deep blue altar of Sif Muna.
  1696 | D:3      | Reached XP level 5. HP: 46/46 MP: 5/5
  1917 | D:3      | Found a glowing drain.
  1925 | Sewer    | Entered a sewer
  2518 | D:3      | Noticed cireshan's ghost (amateur DECj)
  2536 | D:3      | Killed cireshan's ghost
  2536 | D:3      | Reached skill level 5 in Shields
  2536 | D:3      | Reached XP level 6. HP: 48/52 MP: 6/6
  3052 | D:4      | Found Plog's Antique Weapon Emporium.
  3063 | D:4      | Got a shimmering ring mail
  3080 | D:4      | Identified the +3 ring mail "Pokuut" {Dex+5} (You found it on level 4 of the Dungeon)
  3370 | D:4      | Reached skill level 5 in Armour
  3553 | D:4      | Reached XP level 7. HP: 60/60 MP: 7/7
  4007 | D:5      | Entered Level 5 of the Dungeon
  4069 | D:5      | Became a worshipper of Beogh the Brigand
  4148 | D:5      | Reached skill level 5 in Fighting
  4148 | D:5      | Reached skill level 5 in Axes
  4284 | D:5      | Reached XP level 8. HP: 39/68 MP: 8/8
  4289 | D:5      | Reached skill level 6 in Shields
  4815 | D:5      | Got a dazzling trident
  5089 | D:6      | Acquired Beogh's first power
  5257 | D:6      | Noticed Menkaure
  5266 | D:6      | Killed Menkaure
  5274 | D:6      | Reached skill level 7 in Axes
  5274 | D:6      | Reached XP level 9. HP: 57/75 MP: 9/9
  5681 | D:7      | Acquired Beogh's second power
  5781 | D:7      | Reached skill level 8 in Axes
  5784 | D:7      | Reached skill level 5 in Dodging
  6407 | D:7      | Found a staircase to the Ecumenical Temple.
  6991 | D:8      | Found an opulent altar of Gozag.
  7045 | D:8      | Noticed tp1's ghost (novice DECj)
  7100 | D:8      | Killed tp1's ghost
  7100 | D:8      | Reached skill level 9 in Axes
  7100 | D:8      | Reached XP level 10. HP: 46/86 MP: 10/10
  7331 | D:8      | Found Jeykid's Assorted Antiques.
  7354 | D:8      | Acquired Beogh's third power
  7656 | D:8      | Found Kamaetaf's Antique Weapon Boutique.
  7980 | D:8      | Found Irubreh's Book Shoppe.
  8057 | D:8      | Found Waack's Weapon Shop.
  8573 | D:9      | Reached skill level 10 in Axes
  8573 | D:9      | Reached skill level 1 in Stealth
  8591 | D:9      | Found a staircase to the Orcish Mines.
  8616 | D:9      | Acquired Beogh's fourth power
  8843 | D:9      | Found Etaehust's Magic Scroll Shoppe.
  9546 | Orc:1    | Entered Level 1 of the Orcish Mines
  9633 | Orc:1    | Reached skill level 11 in Axes
  9864 | Orc:2    | Noticed Urug
  9883 | Orc:2    | Noticed Nergalle
  9883 | Orc:2    | Noticed a spectral orc warlord
  9950 | Orc:2    | Reached XP level 11. HP: 15/95 MP: 11/11
 10674 | Orc:3    | Gained Morguth as an ally
 10968 | Orc:3    | Acquired Beogh's fifth power
 10968 | Orc:3    | Gained Blodwig as an ally
 10997 | Orc:3    | Noticed an orc knight
 11021 | Orc:3    | Your ally Morguth died
 11028 | Orc:3    | Killed an orc knight
 11039 | Orc:3    | Noticed Nessos
 11045 | Orc:3    | Your ally Blodwig died
 11057 | Orc:3    | Killed Nessos
 11675 | Orc:4    | Entered Level 4 of the Orcish Mines
 11705 | Orc:4    | Reached skill level 1 in Invocations
 11724 | Orc:4    | Noticed an orc knight
 11726 | Orc:4    | Noticed an orc knight
 11731 | Orc:4    | Noticed an orc knight
 11731 | Orc:4    | Found Xessireo's Armour Shoppe.
 11731 | Orc:4    | Found Riest's Gadget Boutique.
 11731 | Orc:4    | Noticed an orc knight
 11731 | Orc:4    | Noticed an orc knight
 11740 | Orc:4    | Killed an orc knight
 11761 | Orc:4    | Killed an orc knight
 11823 | Orc:4    | Killed an orc knight
 11823 | Orc:4    | Reached skill level 10 in Shields
 11893 | Orc:4    | Found a frozen archway.
 11996 | Orc:4    | Mangled by an orc warrior

Vault maps used:
D:1:      tarquinn_simple_flora_water_e, st_stairs_1, serial_park_tiny_pond
D:2:      led_sif_pool, st_stairs_9, minmay_misc_feat_nine_boxes
D:3:      portal_sewer_entry_e, corexii_shack
D:4:      corexii_shantytown, serial_forest, infiniplex_forest_clump_medium,
          infiniplex_forest_lined_ring, infiniplex_forest_pool,
          infiniplex_forest_lined_3, infiniplex_forest_clump_curved,
          infiniplex_forest_end_1, infiniplex_forest_clump_curved,
          infiniplex_forest_zigzag_2, first_bread, serial_shops,
          nicolae_shop_trees
D:5:      grunt_ministairs_4, grunt_decor_resistance
D:6:      uniq_menkaure
D:7:      minmay_temple_entry_statues
D:8:      basic_altar, serial_shops, shop, kennysheep_little_box, shop,
          kennysheep_mini
D:9:      erik_orc_3, serial_shops, nicolae_shop_crystal, grunt_livestock
Orc:1:    mines5_lemuel
Orc:2:    basic_altar, uniq_urug, uniq_nergalle
Orc:3:    cheibrodos_orc_bank, nicolae_orc_pool_cavern, mines2_lemuel,
          uniq_nessos
Orc:4:    st_orc_town, portal_ice_cave_entry_pillars_03
Sewer:    sewer_fruit_machine

Action                   |  1- 3 |  4- 6 |  7- 9 | 10-12 || total
-------------------------+-------+-------+-------+-------++-------
Melee: War axe           |    54 |   312 |   394 |   297 ||  1057
Invok: Convert to Beogh  |       |       |     1 |       ||     1
       Recall Orcish Fol |       |       |       |     4 ||     4
       Smiting           |       |       |       |     1 ||     1
       Give Item to Name |       |       |       |     1 ||     1
  Use: Scroll            |     3 |     2 |    10 |     6 ||    21
       Potion            |       |       |    13 |     4 ||    17
 Stab: Distracted        |       |       |       |     2 ||     2
  Eat: Bread ration      |       |     3 |     2 |     2 ||     7
       Beef jerky        |       |       |     1 |       ||     1
       Pizza             |       |       |       |     3 ||     3
       Meat ration       |       |       |       |     1 ||     1
